 Dungeon Crawl Stone Soup version 0.29.1-15-g9cfb28693d (webtiles) character file.

Game seed: 6495833069849143366

14082 raph the Tainter (level 11, -2/83 HPs)
             Began as a Demonspawn Venom Mage on Feb 23, 2023.
             Was a Priest of Ashenzari.
             Slain by a cane toad (11 damage)
             ... on level 1 of the Lair of Beasts.
             The game lasted 00:23:04 (16399 turns).

raph the Tainter (Demonspawn Venom Mage)           Turns: 16399, Time: 00:23:04

Health: -2/83      AC: 16    Str: 11    XL:     11   Next: 84%
Magic:  23/23      EV: 12    Int: 30    God:    Ashenzari [***...]
Gold:   867        SH:  0    Dex: 14    Spells: 11/26 levels left

rFire   . . .      SeeInvis +   a - +6 trident of the Fated Autotheism {flame, Drain rPois Int+7, Evo, Fort} (curse)
rCold   + + .      Faith    .   (no shield)
rNeg    + . .      Spirit   .   A - +0 swamp dragon scales "Shattered the Doldrums" {rPois, Evo, Comp} (curse)
rPois   +          Reflect  .   (helmet restricted)
rElec   .          Harm     .   (no cloak)
rCorr   .          Rampage  .   v - +0 pair of gloves "Bound Ennui" {Fort, Elem} (curse)
Will    +....      Clarity  +   (no boots)
Stlth   ..........              (no amulet)
HPRegen 0.23/turn               f - ring "Eternal Yoke" {AC+4, Alch, Elem} (curse)
MPRegen 0.36/turn               r - ring "Ruined Oracle" {*Corrode rC++ rN+ Will+ Str+2 Int+3, Melee, Fort} (curse)

@: confused, lethally poisoned (-2 -> -8), ambrosia-drunk
A: antennae 2, powered by death 2, magic regeneration, sharp scales 2
a: Renounce Religion, Curse Item, Shatter the Chains


You were on level 1 of the Lair of Beasts.
You worshipped Ashenzari.
Ashenzari was most pleased with you.
You visited 3 branches of the dungeon, and saw 13 of its levels.
You also visited: Ossuary.

You collected 937 gold pieces.
You spent 70 gold pieces at shops.

Inventory:

Hand Weapons
 a - the cursed +6 trident of the Fated Autotheism (weapon) {flame, Drain rPois Int+7, Evo, Fort}
   (You found it on level 6 of the Dungeon)

   It burns those it strikes, dealing additional fire damage.
   Int:       It affects your intelligence (+7).
   rPois:     It protects you from poison.
   Drain:     It drains your maximum health when unequipped.
   It has a curse which improves the following skills: Evocations: Evocations.
   Fortitude: Armour and Shields.
Armour
 n - a +0 robe
 v - the cursed +0 pair of gloves "Bound Ennui" (worn) {Fort, Elem}
   (You found it on level 6 of the Dungeon)

   It has a curse which improves the following skills: Fortitude: Armour and
   Shields.
   Elements:  Fire Magic, Ice Magic, Air Magic and Earth Magic.
 A - the cursed +0 swamp dragon scales "Shattered the Doldrums" (worn) {rPois, Evo, Comp}
   (You took it off Maggie on level 8 of the Dungeon)

   rPois:     It protects you from poison.
   It has a curse which improves the following skills: Evocations: Evocations.
   Companions: Summonings and Necromancy.
Jewellery
 d - an amulet of guardian spirit
 f - the cursed ring "Eternal Yoke" (left hand) {AC+4, Alch, Elem}
   (You found it on level 2 of the Dungeon)

   [ring of protection]

   AC:        It affects your AC (+4).
   It has a curse which improves the following skills: Alchemy: Poison Magic and
   Transmutations.
   Elements:  Fire Magic, Ice Magic, Air Magic and Earth Magic.
 j - a ring of positive energy
 l - a +4 ring of protection
 m - a +6 ring of intelligence
 r - the cursed ring "Ruined Oracle" (right hand) {*Corrode rC++ rN+ Will+ Str+2 Int+3, Melee, Fort}
   (You found it on level 7 of the Dungeon)

   [ring of willpower]

   Str:       It affects your strength (+2).
   Int:       It affects your intelligence (+3).
   rC:        It greatly protects you from cold.
   rN:        It protects you from negative energy.
   *Corrode:  It may corrode you when you take damage.
   Will:      It increases your willpower.
   It has a curse which improves the following skills: Melee Combat: Short
   Blades, Long Blades, Axes, Maces & Flails, Polearms, Staves and Unarmed
   Combat.
   Fortitude: Armour and Shields.
 z - a +6 ring of dexterity
 B - the ring "Fygooj" {rCorr Str-3 Dex+4}
   (You found it on level 9 of the Dungeon)

   [ring of resist corrosion]

   Str:       It affects your strength (-3).
   Dex:       It affects your dexterity (+4).
   rCorr:     It protects you from acid and corrosion.
Wands
 g - a wand of charming (37)
 h - a wand of roots (17)
 q - a wand of flame (11)
 F - a wand of mindburst (7)
Scrolls
 i - a scroll of poison
 s - a scroll of fog
 u - 6 scrolls of teleportation
 w - a scroll of amnesia
 y - 3 scrolls of immolation
 C - 2 scrolls of magic mapping
Potions
 b - a potion of magic
 c - 2 potions of might
 e - a potion of mutation
 k - 7 potions of curing
 o - 2 potions of resistance
 p - 2 potions of brilliance
 t - a potion of flight
 x - a potion of heal wounds
 D - a potion of berserk rage


   Skills:
 + Level 6.8 Fighting
 + Level 5.6(7.2) Polearms
 + Level 4.1(7.1) Armour
 + Level 6.0 Dodging
 - Level 1.7 Stealth
 + Level 8.0 Spellcasting
 - Level 2.4 Conjurations
 - Level 0.8(1.7) Transmutations
 * Level 12.5(14.1) Poison Magic


You had 11 spell levels left.
You knew the following spells:

 Your Spells              Type           Power      Damage    Failure   Level
a - Sting                 Tmut/Pois      100%       1d8       1%          1
b - Poisonous Vapours     Pois/Air       100%       N/A       1%          2
c - Mephitic Cloud        Conj/Pois/Air  45%        N/A       2%          3
d - Olgreb's Toxic Radia  Pois           77%        N/A       1%          4
e - Ignite Poison         Fire/Tmut/Pois 44%        N/A       3%          3
f - Passwall              Tmut/Erth      15%        N/A       9%          2

Your spell library contained the following spells:

 Spells                   Type           Power      Damage    Failure   Level
 Static Discharge         Conj/Air       20%        3-6/arc   8%          2
 Ensorcelled Hibernation  Hex/Ice        24%        N/A       13%         2
 Sublimation of Blood     Necr           13%        N/A       13%         2
 Swiftness                Air            13%        N/A       24%         3
 Confusing Touch          Hex            12%        N/A       26%         3
 Inner Flame              Hex/Fire       12%        N/A       26%         3
 Petrify                  Tmut/Erth      18%        N/A       52%         4
 Cause Fear               Hex            6%         N/A       65%         4
 Iskenderun's Battlesphe  Conj           26%        2d8       67%         5
 Irradiate                Conj/Tmut      12%        3d15      73%         5
 Lightning Bolt           Conj/Air       10%        1d23      82%         5
 Freezing Cloud           Conj/Ice/Air   9%         6-21      86%         5
 Yara's Violent Unravell  Hex/Tmut       8%         3d5       87%         5
 Iron Shot                Conj/Erth      10%        9d3       100%        6
 Enfeeble                 Hex            6%         N/A       100%        7
 Spellforged Servitor     Conj/Summ      9%         N/A       100%        7
 Discord                  Hex            6%         N/A       100%        8
 Maxwell's Capacitive Co  Air            6%         ∞         100%        8


Dungeon Overview and Level Annotations

Branches:
Dungeon (11/15)            Temple (1/1) D:4            Lair (1/5) D:11
    Orc (0/2) D:9         Ossuary (visited)

Altars:
Ashenzari
Cheibriados
Dithmenos
Fedhas
Gozag
Hepliaklqana
Kikubaaqudgha
Makhleb
Nemelex Xobeh
Okawaru
Qazlal
Ru
Sif Muna
Trog
Uskayaw
Vehumet
Wu Jian
Xom
Yredelemnul
Lugonu

Shops:
D:1 !   D:5 :

Annotations:
D:6 1 runed translucent door, thatguyhowie's ghost, novice GrEE


Innate Abilities, Weirdness & Mutations

You have a pair of antennae on your head.
You regenerate health from kills.
You regenerate magic rapidly.
You are mostly covered in razor-sharp scales. (AC +2, Slay +2)


Message History

You barely miss the cane toad. The cane toad stings you!
You completely miss the cane toad. The cane toad barely misses you.
The cane toad completely misses you.
You closely miss the cane toad. The cane toad barely misses you.
You hit the cane toad. You burn the cane toad.
The cane toad is moderately wounded.
The cane toad stings you.
You puncture the cane toad! You burn the cane toad.
The cane toad is severely wounded.
The cane toad stings you!
You are poisoned.
The cane toad poisons you!
You barely miss the cane toad.
You punch the cane toad, but do no damage.
The cane toad is severely wounded.
You feel very sick. The cane toad stings you!
You are too injured to fight recklessly!
You are too injured to fight recklessly!
You are too injured to fight recklessly!
You are too injured to fight recklessly!
You are too injured to fight recklessly!
You are too injured to fight recklessly!
You hit the cane toad but do no damage.
The cane toad is severely wounded.
You feel very sick. The cane toad stings you.
You hit the cane toad but do no damage.
The cane toad is severely wounded.
You feel very sick.
The cane toad stings you but does no damage.
You hit the cane toad. You burn the cane toad.
The cane toad is severely wounded.
You feel sick. The cane toad stings you!
* * * LOW HITPOINT WARNING * * *
The cane toad closely misses you.
Okay, then.
You are confused.
You feel invigorated.
You feel sick. The cane toad stings you!
You die...

#######.##..#.######..P#.#####
#..#####.# ####### #..# #.#
##.## ..# #######..####.#
#.............#######* *
###.######.#......... ,, ** ,
### ####..####.# * **∆ #@## *,
* *{∆ #.F# *# **##.# * * # * *
* , ..#,, , # ,, ,,, ,... , ,
, ## , , ,#.## ** *###. , ,
*#. ** #... , , #. ##.. * ##<#


You could see a cane toad.

Vanquished Creatures
  A hydra (D:11)
  2 two-headed ogres (D:10)
  A wizard (D:11)
  A black mamba (Lair:1)
  4 elephants (Lair:1)
  Joseph (D:8)
  A cane toad (Lair:1)
  Psyche (D:9)
  An unseen horror (D:11)
  Maggie (D:8)
  2 komodo dragons
  2 trolls (D:11)
  Prince Ribbit (D:8)
  8 blink frogs (Lair:1)
  A wyvern (D:10)
  A shadow (D:11)
  A wraith (D:9)
  3 yaks (D:8)
  2 basilisks (Lair:1)
  A steam dragon (D:6)
  2 acid dragons
  4 water moccasins
  5 orc warriors (D:9)
  An ice beast (D:7)
  3 black bears
  5 centaurs
  An ogre (D:7)
  A phantom (D:3)
  3 kobold brigands (D:9)
  4 gnoll sergeants
  2 bullfrogs (D:8)
  A necrophage (D:5)
  3 scorpions
  3 water moccasin zombies
  A wight (Ossuary)
  6 killer bees (D:8)
  8 howler monkeys
  6 centaur zombies (Ossuary)
  5 hounds
  An orc priest (D:9)
  2 jellies
  2 gnoll boudas (D:7)
  Ijyb (D:3)
  3 iguanas
  9 orc wizards
  A mummy (D:8)
  30 gnolls
  3 adders
  3 shadow imps
  An ufetubus (D:4)
  2 adder zombies
  4 worms
  5 dart slugs
  25 orcs
  9 endoplasms
  2 giant cockroaches
  2 gnoll zombies (Ossuary)
  3 goblins
  10 hobgoblins
  4 quokkas
  7 ball pythons
  6 bats
  A frilled lizard (D:2)
  3 goblin zombies
  4 hobgoblin zombies (Ossuary)
  17 kobolds
  5 orc zombies
  3 rats
268 creatures vanquished.

Vanquished Creatures (others)
  4 bushes (D:5)
  3 fungi (Lair:1)
  16 plants
23 creatures vanquished.

Grand Total: 291 creatures vanquished

Notes
Turn   | Place    | Note
-------+----------+-------------------------------------------
     0 | D:1      | raph the Demonspawn Venom Mage began the quest for the Orb.
     0 | D:1      | Reached XP level 1. HP: 13/13 MP: 3/3
   106 | D:1      | You fall into a shaft and drop 1 floor!
   405 | D:1      | Gained mutation: You have a pair of small antennae on your
                  | head. [demonic ancestry]
   405 | D:1      | Reached XP level 2. HP: 19/19 MP: 0/5
   568 | D:1      | Learned a level 2 spell: Poisonous Vapours
   832 | D:1      | Reached skill level 4 in Poison Magic
   832 | D:1      | Reached XP level 3. HP: 17/24 MP: 0/6
   836 | D:1      | Learned a level 3 spell: Mephitic Cloud
   946 | D:1      | Found a faded altar of an unknown god.
   967 | D:1      | Found Etelamui's Distillery.
  1698 | D:1      | Bought a potion of heal wounds for 70 gold pieces
  2098 | D:2      | Gained mutation: You are partially covered in razor-sharp
                  | scales. (AC +1, Slay +1) [demonic ancestry]
  2098 | D:2      | Reached XP level 4. HP: 30/30 MP: 4/7
  2137 | D:2      | Reached skill level 1 in Conjurations
  2819 | D:3      | Noticed Ijyb
  2856 | D:3      | HP: 1/30 [frozen (4)]
  2858 | D:3      | Killed Ijyb
  3060 | D:3      | Reached skill level 5 in Poison Magic
  3254 | D:3      | Found a sacrificial altar of Ru.
  3331 | D:3      | Found an iron altar of Okawaru.
  3368 | D:3      | Gained mutation: You regenerate a little health from kills.
                  | [demonic ancestry]
  3368 | D:3      | Reached XP level 5. HP: 35/35 MP: 3/8
  4169 | D:4      | Found a staircase to the Ecumenical Temple.
  4175 | D:4      | Noticed a phantom
  4523 | D:3      | Killed a phantom
  4524 | D:3      | Reached XP level 6. HP: 40/41 MP: 10/10
  4641 | Temple   | Entered the Ecumenical Temple
  4911 | D:4      | Learned a level 4 spell: Olgreb's Toxic Radiance
  4990 | D:4      | Found a radiant altar of Vehumet.
  5239 | D:4      | Reached skill level 6 in Poison Magic
  5695 | D:4      | Found a basalt altar of Yredelemnul.
  5963 | D:5      | Entered Level 5 of the Dungeon
  6231 | D:4      | HP: 1/41 [black bear (5)]
  6235 | D:4      | Gained mutation: You regenerate health from kills. [demonic
                  | ancestry]
  6235 | D:4      | Reached XP level 7. HP: 32/46 MP: 3/12
  6609 | D:5      | Found a snail-covered altar of Cheibriados.
  6661 | D:5      | Reached skill level 7 in Poison Magic
  6741 | D:5      | Learned a level 3 spell: Ignite Poison
  7063 | D:5      | Found a blossoming altar of Fedhas.
  7113 | D:5      | Found a broken altar of Ashenzari.
  7140 | D:5      | HP: 2/46 [shadow imp/nerve-wracking pain (12)]
  7221 | D:5      | Became a worshipper of Ashenzari the Shackled
  7420 | D:5      | Found Seegh's Self-Improvement Boutique.
  8130 | D:6      | Reached skill level 8 in Poison Magic
  8173 | D:6      | Gained mutation: You regenerate magic rapidly. [demonic
                  | ancestry]
  8173 | D:6      | Reached XP level 8. HP: 51/53 MP: 10/15
  8216 | D:6      | Reached skill level 1 in Fighting
  8355 | D:6      | Identified the +6 trident of Uhyappu {flame, Drain rPois
                  | Int+7}
  8575 | D:6      | Found an ancient bone altar of Kikubaaqudgha.
  8614 | D:6      | Found a hazy altar of Hepliaklqana.
  8790 | D:6      | Reached * piety under Ashenzari
  8797 | D:6      | Reached skill level 5 in Spellcasting
  8811 | D:6      | Found a runed translucent door.
  8813 | D:6      | Noticed thatguyhowie's ghost (novice GrEE)
  9502 | D:7      | Reached skill level 9 in Poison Magic
  9597 | D:7      | Learned a level 2 spell: Passwall
  9697 | D:7      | Reached skill level 1 in Polearms
  9761 | D:7      | Identified the ring of Circularity {*Corrode rC++ rN+ Will+
                  | Str+2 Int+3}
  9770 | D:7      | Found a shimmering altar of Xom.
  9795 | D:7      | Reached ** piety under Ashenzari
  9919 | D:7      | Gained mutation: You have a pair of antennae on your head.
                  | [demonic ancestry]
  9919 | D:7      | Reached XP level 9. HP: 45/63 MP: 17/17
 10558 | D:8      | Found a sand-covered staircase.
 10564 | Ossuary  | Entered an ossuary
 11010 | Ossuary  | Noticed a silent spectre
 11142 | D:8      | Reached skill level 10 in Poison Magic
 12075 | D:8      | Noticed Prince Ribbit
 12081 | D:8      | Killed Prince Ribbit
 12082 | D:8      | Gained mutation: You are mostly covered in razor-sharp
                  | scales. (AC +2, Slay +2) [demonic ancestry]
 12082 | D:8      | Reached XP level 10. HP: 50/73 MP: 8/19
 12312 | D:8      | Noticed Maggie
 12317 | D:8      | Noticed Joseph
 12320 | D:8      | Killed Maggie
 12551 | D:8      | Killed Joseph
 12767 | D:8      | Noticed an angel
 12992 | D:9      | Noticed Psyche
 12998 | D:9      | Killed Psyche
 13001 | D:9      | Reached *** piety under Ashenzari
 13145 | D:9      | Identified the ring "Fygooj" {rCorr Str-3 Dex+4}
 13153 | D:9      | Reached skill level 1 in Armour
 13156 | D:9      | Reached skill level 5 in Fighting
 13242 | D:9      | Found an ornate altar of the Wu Jian Council.
 13317 | D:9      | Reached skill level 11 in Poison Magic
 13667 | D:9      | Found a staircase to the Orcish Mines.
 13753 | D:10     | Entered Level 10 of the Dungeon
 14107 | D:10     | Noticed a two-headed ogre
 14125 | D:10     | Killed a two-headed ogre
 14280 | D:10     | Noticed a two-headed ogre
 14288 | D:10     | Killed a two-headed ogre
 14289 | D:10     | Reached skill level 5 in Dodging
 14600 | D:11     | Reached XP level 11. HP: 71/81 MP: 17/21
 14902 | D:11     | Noticed a four-headed hydra
 14910 | D:11     | Killed a four-headed hydra
 15097 | D:11     | Found a staircase to the Lair.
 15276 | D:11     | Noticed a wizard
 15288 | D:11     | Killed a wizard
 15735 | Lair:1   | Entered Level 1 of the Lair of Beasts
 15779 | Lair:1   | Reached skill level 5 in Polearms
 15785 | Lair:1   | Reached skill level 12 in Poison Magic
 16399 | Lair:1   | Slain by a cane toad

Illustrated notes

Levels and vault maps discovered:
D:1:      dpeg_arrival_round_b, layout_loops_corners,
          chequers_ecumenical_altar_grove, serial_shops, shop_coins,
          minivault_19, serial_park_tiny_2, minmay_heptomino_o4
D:2:      layout_loops_cross
D:3:      layout_basic, lemuel_doored_altar, hangedman_ru_absence, hex_large,
          uniq_ijyb
D:4:      layout_basic, nicolae_overflow_crystal_walls,
          lemuel_zombie_altar_yredelemnul, minmay_temple_entry_glass
D:5:      layout_basic, amcnicky_altar_gilded, fedhas_altar_decomposition,
          mainiacjoe_overflow_small_starburst, nicolae_hexahallways,
          grunt_ministairs_1, nicolae_concentric_dashed_squares_mild,
          minmay_misc_feat_doors, nicolae_shop_self_help
D:6:      layout_basic, kennysheep_little_box, nicolae_hepliaklqana_hippocampus,
          ebering_ghost_reflecting_pool, minivault_23, hex_medium
D:7:      layout_basic, lemuel_crystal_altar
D:8:      nicolae_whirlpool, layout_layer_cave, zin_angel,
          nicolae_ossuary_entry_giza, minmay_misc_feat_rows,
          corexii_corridor_pit, uniq_joseph, uniq_maggie, uniq_prince_ribbit1
D:9:      layout_small_grid, nzn_wu_jian_contemplation,
          mainiacjoe_overflow_surrounded_room, david_orc_4, blue_anna_alchemist,
          uniq_psyche
D:10:     layout_irregular_city, mainiacjoe_overflow_24_doors
D:11:     layout_irregular_city, lair_entry_dummy
Temple:   corrupted_temple
Lair:1:   layout_small_grid, hibernation_bobbens

Skill      XL: |  1  2  3  4  5  6  7  8  9 10 11 |
---------------+----------------------------------+-----
Poison Magic   | 4 5 6 8 9 10 11 12 | 12.5
Conjurations   | 1 2 |  2.4
Spellcasting   | 3 4 5 6 7 8 |  8.0
Fighting       | 3 4 5 6 |  6.8
Dodging        | 2 4 5 6 |  6.0
Polearms       | 1 3 4 5 |  5.6
Armour         | 2 4 |  4.1
Stealth        | |  1.7
Transmutations | |  0.8

Action                   |  1- 3 |  4- 6 |  7- 9 | 10-12 || total
-------------------------+-------+-------+-------+-------++-------
Melee: Dagger            |    37 |   126 |    95 |       ||   258
       Punch             |       |     1 |     3 |     1 ||     5
       Trident           |       |       |   137 |   142 ||   279
 Cast: Sting             |    43 |    46 |     3 |       ||    92
       Poisonous Vapours |     9 |    25 |     9 |       ||    43
       Olgreb's Toxic Ra |       |     3 |    33 |    40 ||    76
       Mephitic Cloud    |       |     1 |    10 |    13 ||    24
       Ignite Poison     |       |       |    10 |    17 ||    27
Invok: Curse Item        |       |       |     4 |     1 ||     5
Evoke: Wand              |       |     9 |       |       ||     9
  Use: Scroll            |     5 |     8 |     2 |       ||    15
       Potion            |       |     3 |     2 |     1 ||     6
 Stab: Sleeping          |     2 |     3 |     5 |       ||    10
Armor: Robe              |    21 |    89 |   114 |     1 ||   225
       Swamp dragon scal |       |       |       |    81 ||    81
Dodge: Dodged            |    54 |   141 |   175 |   112 ||   482
